[Event "Titled Tuesday Blitz May 9 Late 2023"]
[White "6PackPlayer"]
[Black "Roman, Rodrigo"]
[BlackFideId "3701220"]
[WhiteElo "2287"]
[BlackElo "1995"]
[Result "0-1"]
[Round "11"]
[TimeControl "180+2"]
[Date "2023.05.09"]
[WhiteClock "0:00:15"]
[BlackClock "0:01:34"]

1. e4 e5 2. Nf3 Nc6 3. Bc4 Nf6 4. d3 Bc5 5. h3 Kf8 6. Nc3 h6 7. Ne2 g6 8. g4 Kg7 9. Ng3 d6 10. Bb3 Nh7 11. Rg1 Qf6 12. g5 Nxg5 13. Bxg5 hxg5 14. Qe2 Rxh3 15. Nxg5 Rh2 16. Nh1 Nd4 17. Qd2 Rxh1 18. O-O-O Rxg1 19. Rxg1 Nf3 20. Nxf3 Qxf3 21. Kb1 Qxf2 22. Qxf2 Bxf2 23. Rf1 Bb6 24. Rxf7+ Kh6 25. Rf8 g5 26. a4 g4 27. Rh8+ Kg5 28. Rg8+ Kf4 29. Kc1 Ke3 30. Kd1 g3 31. Rxg3+ Kf4 32. Rg7 Bg4+ 33. Kc1 Rh8 34. Kb1 Rh1+ 35. Ka2 Bd1 36. Rg2 Ke3 37. Rg3+ Kd2 38. Rg2+ Kc1 39. Rf2 0-1


[Site "https://www.chess.com"]

[Event "Titled Tuesday Blitz May 9 Late 2023"]
[White "Martic, Ivan"]
[Black "Figorito, Nick"]
[WhiteFideId "929301"]
[BlackFideId "30923689"]
[WhiteElo "2360"]
[BlackElo "2370"]
[Result "1-0"]
[Round "11"]
[TimeControl "180+2"]
[Date "2023.05.09"]
[WhiteClock "0:00:36"]
[BlackClock "0:00:13"]

1. c4 Nf6 2. Nc3 d5 3. cxd5 Nxd5 4. e4 Nxc3 5. bxc3 g6 6. h4 h5 7. Bc4 Bg7 8. Nf3 O-O 9. Ng5 c5 10. Qc2 Nc6 11. a4 Ne5 12. Be2 c4 13. Ba3 Nd3+ 14. Bxd3 cxd3 15. Qb3 Bf6 16. Nf3 Be6 17. Qxb7 Bg4 18. e5 Bxf3 19. gxf3 Rb8 20. Qxa7 Qd5 21. Qe3 Bxe5 22. Qe4 Qb3 23. O-O Bf6 24. Qxd3 Rfd8 25. Qe3 Qd5 26. d4 Bxh4 27. Kg2 Bg5 28. Qe4 Qd7 29. Bc5 Bf6 30. a5 Ra8 31. a6 Kg7 32. a7 Rh8 33. Rab1 h4 34. Rb7 h3+ 35. Kh1 Qa4 36. Bxe7 Qa6 37. Bxf6+ Qxf6 38. Qe5 Rhc8 39. Rfb1 Rxc3 40. Rxf7+ Kxf7 41. Rb7+ Kg8 42. Qxf6 Rc1+ 43. Kh2 1-0


[Site "https://www.chess.com"]

[Event "Titled Tuesday Blitz May 9 Late 2023"]
[White "Marcziter, Dmitrii"]
[Black "Jovic, Stanoje"]
[WhiteFideId "13900765"]
[BlackFideId "905020"]
[WhiteElo "2162"]
[BlackElo "2236"]
[Result "0-1"]
[Round "11"]
[TimeControl "180+2"]
[Date "2023.05.09"]
[WhiteClock "0:00:14"]
[BlackClock "0:00:22"]

1. d4 Nf6 2. c4 e6 3. Nf3 b6 4. a3 d5 5. Nc3 Bb7 6. cxd5 exd5 7. Qa4+ Qd7 8. Qc2 c5 9. Ne5 Qe6 10. e3 a6 11. Bd3 g6 12. O-O Bg7 13. f4 O-O 14. f5 Qd6 15. Bd2 Nc6 16. Nxc6 Bxc6 17. Be1 Bh6 18. Nd1 Rae8 19. Bg3 Qe7 20. Rf3 c4 21. Bf1 Bd7 22. Bh4 Bxf5 23. Rxf5 gxf5 24. Qxf5 Bg7 25. Nf2 Qe6 26. Qf3 Qxe3 27. Qxe3 Rxe3 28. Bxf6 Bxf6 29. Ng4 Re6 30. Nxf6+ Rxf6 31. Be2 Rf4 32. Rd1 b5 33. Bf3 Rd8 34. Kf2 a5 35. Ke3 Rf6 36. Kf2 Rb6 37. Re1 b4 38. axb4 axb4 39. Re5 b3 40. Bxd5 Rxd5 41. Rxd5 c3 42. Re5 Rf6+ 43. Kg1 c2 44. Re1 Ra6 45. Kf2 Rd6 46. Ke3 Re6+ 47. Kd2 Rxe1 0-1


[Site "https://www.chess.com"]

[Event "Titled Tuesday Blitz May 9 Late 2023"]
[White "Moral Garcia, Serafin"]
[Black "micke12a"]
[WhiteFideId "2201925"]
[WhiteElo "2274"]
[BlackElo "2372"]
[Result "1-0"]
[Round "11"]
[TimeControl "180+2"]
[Date "2023.05.09"]
[WhiteClock "0:00:59"]
[BlackClock "0:00:00"]

1. e4 c5 2. Nf3 d6 3. d4 cxd4 4. Nxd4 Nf6 5. Nc3 g6 6. Be3 Bg7 7. f3 O-O 8. Qd2 Nc6 9. O-O-O Bd7 10. Kb1 Rc8 11. g4 Ne5 12. Be2 Qa5 13. h4 Rxc3 14. Qxc3 Qxc3 15. bxc3 Rc8 16. Kb2 Be8 17. Nb3 Nfd7 18. Bd4 b6 19. f4 Nc6 20. Bxg7 Kxg7 21. h5 a5 22. Bb5 Nf6 23. hxg6 hxg6 24. g5 Nxe4 25. Rh2 f6 26. Bd3 d5 27. Bxe4 dxe4 28. Rdh1 fxg5 29. fxg5 Kf7 30. Nd2 e3 31. Ne4 Ne5 32. Rf1+ Ke6 33. Ng3 Nc4+ 34. Ka1 Nd2 35. Re1 Nc4 36. Nf1 Bc6 37. Nxe3 Nxe3 38. Rxe3+ Kf5 39. Rxe7 Kxg5 40. Kb2 Kf6 41. Ree2 g5 42. Rhf2+ Kg6 43. Re6+ Kh5 44. Rff6 Bd5 45. Rxb6 a4 46. a3 Kh4 47. Rb4+ g4 48. Rg6 Bf3 49. Rxa4 Rb8+ 50. Rb4 Rd8 51. a4 Kh3 52. Rf4 Ra8 53. Ka3 Kg3 54. Rb4 Rc8 55. c4 Kf2 56. c3 g3 57. Rb2+ Be2 58. Rxe2+ Kxe2 59. Rxg3 Rxc4 60. Kb3 Rc8 61. c4 Kf2 62. Rc3 Rb8+ 63. Ka3 Ke2 64. c5 Kd2 65. Rb3 Rc8 66. Rb5 Kd3 67. Kb4 Kd4 68. a5 Kd5 69. a6 Rh8 70. a7 Ra8 71. Rb7 Kc6 72. Rh7 Rg8 73. Rh1 Ra8 74. Ra1 Kc7 75. Kb5 Kb7 76. c6+ Kc7 77. Kc5 Rh8 78. Rb1 Rh5+ 79. Kb4 Rh8 80. Ka5 Kxc6 81. Ka6 Rh2 82. Rb6+ Kc7 83. Rb7+ Kc6 84. Rb6+ Kc7 85. Rc6+ Kd7 86. Rc5 Ra2+ 87. Ra5 Rxa5+ 88. Kxa5 1-0


[Site "https://www.chess.com"]

[Event "Titled Tuesday Blitz May 9 Late 2023"]
[White "Wizard_of_Odds"]
[Black "TheKnightOfBosnia"]
[WhiteElo "2354"]
[BlackElo "2460"]
[Result "0-1"]
[Round "11"]
[TimeControl "180+2"]
[Date "2023.05.09"]
[WhiteClock "0:00:00"]
[BlackClock "0:00:15"]

1. c4 Nf6 2. Nf3 e6 3. e3 d5 4. b3 Nbd7 5. Bb2 Be7 6. Be2 O-O 7. O-O c5 8. cxd5 Nxd5 9. Nc3 Nxc3 10. Bxc3 b6 11. Ne5 Bb7 12. Bf3 Bxf3 13. Nxf3 Rc8 14. Rc1 Bf6 15. Qe2 Qc7 16. g3 Qb7 17. e4 Bxc3 18. dxc3 Rfd8 19. Rcd1 Nf6 20. e5 Nd5 21. c4 Nb4 22. Rxd8+ Rxd8 23. Rd1 Rxd1+ 24. Qxd1 h6 25. a3 Nc2 26. Qd3 Nxa3 27. Nd2 Qc7 28. f4 a6 29. Ne4 b5 30. cxb5 axb5 31. Qc3 c4 32. Nd6 Qb6+ 33. Kg2 Qc6+ 34. Kh3 Qd5 35. Qa5 Nc2 36. Qd8+ Kh7 37. bxc4 bxc4 38. Qc7 Ne3 39. Qb7 Qxb7 40. Nxb7 c3 41. Nc5 c2 42. Nd3 h5 43. Nc1 Kg6 44. Kh4 Nf5+ 45. Kh3 Nd4 46. Kg2 Kf5 47. Kf2 Ke4 48. h3 g6 49. h4 Nf5 50. Ne2 Kd3 51. Nc1+ Kd2 52. Nb3+ Kd1 53. Kf3 c1=Q 54. Nxc1 Kxc1 55. g4 hxg4+ 56. Kxg4 Kd2 57. Kg5 Ke3 58. Kf6 Kxf4 59. h5 gxh5 60. Kxf7 Nd4 61. Kg6 h4 0-1


[Site "https://www.chess.com"]

[Event "Titled Tuesday Blitz May 9 Late 2023"]
[White "KorolDimitriy75"]
[Black "Al-Saffar, Araz Basim Mohammed S"]
[BlackFideId "4801040"]
[WhiteElo "2456"]
[BlackElo "2304"]
[Result "0-1"]
[Round "11"]
[TimeControl "180+2"]
[Date "2023.05.09"]
[WhiteClock "0:00:03"]
[BlackClock "0:00:10"]

1. d4 d5 2. c4 e6 3. Nc3 a6 4. e3 Nf6 5. Nf3 Be7 6. Bd3 O-O 7. O-O dxc4 8. Bxc4 b5 9. Bb3 Bb7 10. Qe2 c5 11. Rd1 Nbd7 12. e4 b4 13. e5 bxc3 14. exf6 Nxf6 15. bxc3 cxd4 16. cxd4 Qb6 17. Bg5 h6 18. Bh4 a5 19. Rab1 Ba6 20. Qe1 Bb4 21. Qe5 Bd6 22. Qe1 Qc7 23. Rbc1 Qb7 24. Bxf6 gxf6 25. Qe3 Kg7 26. d5 a4 27. Bxa4 Qb4 28. Bb3 Bf4 29. Qd4 Qxd4 30. Nxd4 Bxc1 31. Rxc1 Rac8 32. Re1 exd5 33. Nf5+ Kh8 34. Bxd5 Rfe8 35. Ne3 f5 36. g3 f4 37. gxf4 f6 38. Kg2 Re7 39. Kf3 Rd8 40. Be4 Rd4 41. Bf5 Bb7+ 42. Kg3 Rd5 43. h4 Rxf5 44. Rb1 Rg7+ 45. Kh2 Rxf4 46. Rb2 Rxh4# 0-1


[Site "https://www.chess.com"]

[Event "Titled Tuesday Blitz May 9 Late 2023"]
[White "Vega Gutierrez, Sabrina"]
[Black "Chirivi C, Jenny Astrid"]
[WhiteFideId "2219026"]
[BlackFideId "4403061"]
[WhiteElo "2209"]
[BlackElo "2019"]
[Result "1-0"]
[Round "11"]
[TimeControl "180+2"]
[Date "2023.05.09"]
[WhiteClock "0:00:34"]
[BlackClock "0:00:50"]

1. e4 c5 2. Nf3 e6 3. d4 cxd4 4. Nxd4 a6 5. Bd3 Qc7 6. f4 b5 7. a4 b4 8. O-O Bc5 9. Be3 Nc6 10. c3 bxc3 11. bxc3 Nge7 12. Kh1 Nxd4 13. cxd4 Ba7 14. Nd2 O-O 15. Rc1 Qd8 16. f5 exf5 17. exf5 Nd5 18. Bg1 Bb7 19. Ne4 Bc6 20. f6 g6 21. Qd2 Kh8 22. Qh6 Nxf6 23. Nxf6 1-0


[Site "https://www.chess.com"]

[Event "Titled Tuesday Blitz May 9 Late 2023"]
[White "Papayan, Oleg"]
[Black "KVAIDAN"]
[WhiteFideId "4193911"]
[WhiteElo "2171"]
[BlackElo "2333"]
[Result "1-0"]
[Round "11"]
[TimeControl "180+2"]
[Date "2023.05.09"]
[WhiteClock "0:00:11"]
[BlackClock "0:01:03"]

1. e4 e5 2. d4 exd4 3. Qxd4 Nc6 4. Qd3 Nf6 5. Nc3 Bb4 6. Bg5 h6 7. Bh4 Qe7 8. f3 d5 9. O-O-O Bxc3 10. Qxc3 dxe4 11. Bb5 Bd7 12. Bxf6 Qxf6 13. Qxf6 gxf6 14. fxe4 O-O-O 15. Ne2 f5 16. Nc3 fxe4 17. Nxe4 Ne5 18. Be2 Bc6 19. Rxd8+ Rxd8 20. Bf3 Nxf3 21. gxf3 f5 22. Ng3 Bxf3 23. Rf1 Bg4 24. Nxf5 h5 25. Ne3 Be2 26. Rf2 Bb5 27. b3 h4 28. Rf4 h3 29. c4 Bc6 30. Rh4 Rd3 31. Rxh3 b6 32. Rg3 Kb7 33. Nd5 Rd4 34. Rg1 Bxd5 35. cxd5 Rxd5 36. Rh1 Rh5 37. h4 Kc6 38. Kd2 Kc5 39. Ke3 Kb4 40. Kf4 Ka3 41. Rh2 c5 42. Kg4 Rh8 43. h5 b5 44. Rc2 Kb4 45. Kg5 Rg8+ 46. Kf6 Rg2 47. Rxg2 c4 48. bxc4 bxc4 49. h6 c3 50. h7 Ka3 51. h8=Q 1-0


[Site "https://www.chess.com"]

[Event "Titled Tuesday Blitz May 9 Late 2023"]
[White "merinasian"]
[Black "Benaddi, Mouhcine"]
[BlackFideId "9001050"]
[WhiteElo "2419"]
[BlackElo "2036"]
[Result "1-0"]
[Round "11"]
[TimeControl "180+2"]
[Date "2023.05.09"]
[WhiteClock "0:00:57"]
[BlackClock "0:00:44"]

1. d4 Nf6 2. Nf3 d5 3. g3 c6 4. Bg2 Bf5 5. O-O e6 6. c4 h6 7. Nc3 Nbd7 8. Qb3 Qb6 9. c5 Qxb3 10. axb3 a6 11. b4 O-O-O 12. h3 Ne4 13. g4 Nxc3 14. bxc3 Be4 15. Bf4 f6 16. Nd2 Bxg2 17. Kxg2 e5 18. Bg3 Be7 19. e4 dxe4 20. Nxe4 h5 21. dxe5 Nxe5 22. Bxe5 fxe5 23. Rad1 hxg4 24. hxg4 Rd5 25. c4 Rd7 26. Rxd7 Kxd7 27. Rd1+ Ke6 28. Kf3 Rh3+ 29. Ng3 Rh2 30. Nf5 Bf8 31. Rd8 Be7 32. Re8 g6 33. Rxe7+ Kf6 34. Rxb7 gxf5 35. gxf5 Kxf5 36. Rf7+ Ke6 37. Rc7 Rh4 38. Rxc6+ Kf5 39. Rxa6 Rxc4 40. Rb6 Rc3+ 41. Ke2 Ke4 42. Rh6 Rc2+ 43. Kd1 Rxf2 44. c6 Rf7 45. Rd6 Ke3 46. Rd7 Rf4 47. c7 Rc4 48. b5 e4 49. b6 Kf2 50. b7 e3 51. Rf7+ Kg3 52. c8=Q 1-0


[Site "https://www.chess.com"]

[Event "Titled Tuesday Blitz May 9 Late 2023"]
[White "Bashkansky, Ethan"]
[Black "Jonkman, Harmen"]
[WhiteFideId "2071533"]
[BlackFideId "1002708"]
[WhiteElo "2346"]
[BlackElo "2368"]
[Result "0-1"]
[Round "11"]
[TimeControl "180+2"]
[Date "2023.05.09"]
[WhiteClock "0:00:07"]
[BlackClock "0:00:23"]

1. d4 d5 2. c4 e6 3. Nc3 Nf6 4. cxd5 exd5 5. Bg5 c6 6. e3 Be7 7. Bd3 h6 8. Bh4 Nbd7 9. Nf3 Nf8 10. Qc2 Ne6 11. O-O Nh5 12. Bxe7 Qxe7 13. Ne5 O-O 14. Ne2 c5 15. dxc5 Nxc5 16. Nf3 Nxd3 17. Qxd3 Be6 18. Rac1 Rac8 19. a3 Nf6 20. Nfd4 Ne4 21. Nf4 a6 22. Ndxe6 fxe6 23. Ng6 Qf6 24. Nxf8 Rxc1 25. Rxc1 Qxf2+ 26. Kh1 Qxf8 27. Qc2 Kh7 28. Kg1 Qf6 29. Rf1 Qg5 30. Qe2 Qe5 31. g3 b5 32. Kg2 Ng5 33. Rf4 a5 34. Qc2+ Kg8 35. Qc8+ Kh7 36. Qc3 Qd6 37. Qxa5 e5 38. Rf5 Qe6 39. Rxg5 hxg5 40. Qxb5 g4 41. Qd3+ Kh6 42. b4 Qc6 43. Qe2 Kg5 44. h4+ Kh5 45. Kf2 Qc3 46. b5 Qxa3 47. Qc2 g6 48. b6 d4 49. exd4 exd4 50. Qd2 Qf3+ 51. Ke1 Qxg3+ 52. Kd1 Qf3+ 53. Ke1 Qe4+ 54. Qe2 Qb1+ 55. Qd1 Qxb6 56. Qd2 Qe6+ 57. Kd1 Qb3+ 58. Ke1 Qc3 59. Qxc3 dxc3 0-1


[Site "https://www.chess.com"]

[Event "Titled Tuesday Blitz May 9 Late 2023"]
[White "Gerbelli Neto, Eduardo"]
[Black "Bambino Filho, Antonio Carlos"]
[WhiteFideId "2103281"]
[BlackFideId "2113163"]
[WhiteElo "2178"]
[BlackElo "2465"]
[Result "1-0"]
[Round "11"]
[TimeControl "180+2"]
[Date "2023.05.09"]
[WhiteClock "0:02:13"]
[BlackClock "0:01:28"]

1. e4 c5 2. Nc3 e6 3. f4 d5 4. Nf3 dxe4 5. Bb5+ Nd7 6. Nxe4 Be7 7. O-O Nf6 8. d3 a6 9. Bc4 Nb6 10. Bb3 Nxe4 11. dxe4 Qxd1 12. Rxd1 Bd7 13. Ne5 Rd8 14. Be3 Nc8 15. f5 Bd6 16. Nxd7 Kxd7 17. e5 1-0


[Site "https://www.chess.com"]

[Event "Titled Tuesday Blitz May 9 Late 2023"]
[White "marik_spb"]
[Black "Ardila, Oscar Humberto"]
[BlackFideId "4404742"]
[WhiteElo "2439"]
[BlackElo "1918"]
[Result "1-0"]
[Round "11"]
[TimeControl "180+2"]
[Date "2023.05.09"]
[WhiteClock "0:00:49"]
[BlackClock "0:01:51"]

1. e4 e5 2. Nf3 Nf6 3. Nxe5 d6 4. Nf3 Nxe4 5. d4 Be7 6. Bd3 Nf6 7. c4 Bg4 8. h3 Bh5 9. Be3 O-O 10. Nbd2 Nbd7 11. Qc2 Re8 12. g4 Bg6 13. a3 c6 14. Bxg6 hxg6 15. O-O-O b5 16. Rdg1 bxc4 17. Nxc4 Nb6 18. h4 Nxc4 19. Qxc4 d5 20. Qc2 Qd7 21. h5 Ne4 22. hxg6 fxg6 23. Ne5 Qe6 24. f3 Bg5 25. Bxg5 Nxg5 26. Nxg6 Nxf3 27. Rf1 Qe3+ 28. Kb1 Nd2+ 29. Qxd2 Qxd2 30. Rh8# 1-0


[Site "https://www.chess.com"]

[Event "Titled Tuesday Blitz May 9 Late 2023"]
[White "Ingunza Curro, Andres"]
[Black "D`Arruda, Ricardo D."]
[WhiteFideId "24526371"]
[BlackFideId "100692"]
[WhiteElo "2247"]
[BlackElo "2412"]
[Result "1-0"]
[Round "11"]
[TimeControl "180+2"]
[Date "2023.05.09"]
[WhiteClock "0:00:18"]
[BlackClock "0:00:33"]

1. d4 Nf6 2. c4 e5 3. dxe5 Ne4 4. Nd2 Nc5 5. Ngf3 Nc6 6. g3 d6 7. exd6 Qxd6 8. Bg2 Be7 9. O-O Bf5 10. a3 O-O-O 11. b4 Qf6 12. Ra2 Ne4 13. Qb3 Nc3 14. Bb2 Nxe2+ 15. Kh1 Qg6 16. b5 Ncd4 17. Nxd4 Nxd4 18. Bxd4 Rxd4 19. Nf3 Rd3 20. Qa4 Be4 21. Qxa7 Bxf3 22. Bxf3 Rxf3 23. Qa8+ Kd7 24. Qxh8 Qe4 25. Kg1 Bf6 26. Rd2+ Rd3 27. Rfd1 Rxd2 28. Rxd2+ Bd4 29. Rd1 Ke7 30. Qc8 Qe5 31. Qxb7 Kf6 32. Qf3+ Ke7 33. Qd3 Bc5 34. Qd2 Bd6 35. Re1 1-0


[Site "https://www.chess.com"]

[Event "Titled Tuesday Blitz May 9 Late 2023"]
[White "Kujawski, Adam"]
[Black "Kostiukov, Alexandr"]
[WhiteFideId "1100920"]
[BlackFideId "14108100"]
[WhiteElo "2054"]
[BlackElo "2202"]
[Result "1/2-1/2"]
[Round "11"]
[TimeControl "180+2"]
[Date "2023.05.09"]
[WhiteClock "0:00:04"]
[BlackClock "0:00:15"]

1. e4 c5 2. Nf3 g6 3. c4 Bg7 4. d4 cxd4 5. Nxd4 Nc6 6. Be3 Nf6 7. Nc3 O-O 8. Be2 Nxd4 9. Bxd4 Qa5 10. O-O d6 11. Rb1 Be6 12. Kh1 Rfc8 13. b3 a6 14. f4 Qd8 15. f5 Bd7 16. Nd5 Nxd5 17. cxd5 Bxd4 18. Qxd4 Rc2 19. Bd3 Rxa2 20. f6 exf6 21. Rxf6 Qe7 22. Rbf1 Rf8 23. Qb4 Bb5 24. Bxb5 axb5 25. Qd4 Re2 26. R6f4 Qe5 27. Qxe5 dxe5 28. Rf6 Rxe4 29. Rb6 Rb8 30. Rxb5 Rd4 31. Re1 f6 32. Kg1 Kf7 33. Kf2 b6 34. Rc1 Rd8 35. Rc7+ Kg8 36. Rxb6 R4xd5 37. Rbb7 Rd2+ 38. Kf3 R8d3+ 39. Ke4 Rd4+ 40. Ke3 R2d3+ 41. Ke2 Rd2+ 42. Ke3 R2d3+ 43. Ke2 Rd2+ 44. Ke3 1/2-1/2


[Site "https://www.chess.com"]

[Event "Titled Tuesday Blitz May 9 Late 2023"]
[White "Celestino, Rafael Teixeira"]
[Black "ElenGajger"]
[WhiteFideId "2108925"]
[WhiteElo "2311"]
[BlackElo "2404"]
[Result "1-0"]
[Round "11"]
[TimeControl "180+2"]
[Date "2023.05.09"]
[WhiteClock "0:00:29"]
[BlackClock "0:00:24"]

1. e4 c5 2. Nf3 g6 3. d4 cxd4 4. Nxd4 Bg7 5. c4 Nc6 6. Be3 Nf6 7. Nc3 O-O 8. Be2 d6 9. O-O Bd7 10. Rc1 Nxd4 11. Bxd4 Bc6 12. f3 Nd7 13. Bxg7 Kxg7 14. Re1 Qb6+ 15. Kh1 Qxb2 16. Qd4+ Kg8 17. Rb1 Qa3 18. Nd5 Bxd5 19. exd5 Nc5 20. Qh4 Rfe8 21. f4 Qxa2 22. f5 Qd2 23. Bf3 f6 24. fxg6 hxg6 25. Be4 Kg7 26. Qg3 Qh6 27. Bc2 a5 28. Re3 a4 29. Rbe1 e5 30. dxe6 Ra6 31. Qf3 Re7 32. Rf1 Qg5 33. Ra3 Rxe6 34. Bxa4 Rxa4 35. Rxa4 Nxa4 36. Qxb7+ Kh6 37. Qa8 Qf5 38. Qh8+ Kg5 39. Rxf5+ Kxf5 40. Qh3+ Ke5 41. Qe3+ Kf5 42. Qf3+ Kg5 43. g3 Nc5 44. Qf4+ Kh5 45. Qh4# 1-0


[Site "https://www.chess.com"]

[Event "Titled Tuesday Blitz May 9 Late 2023"]
[White "Hoffmann, Asa"]
[Black "Vaglio Munoz, Jaime"]
[WhiteFideId "2001470"]
[BlackFideId "6500145"]
[WhiteElo "2117"]
[BlackElo "2199"]
[Result "1-0"]
[Round "11"]
[TimeControl "180+2"]
[Date "2023.05.09"]
[WhiteClock "0:00:08"]
[BlackClock "0:00:26"]

1. d4 e6 2. e4 d5 3. e5 c5 4. Nf3 Qb6 5. Bd3 Nc6 6. O-O cxd4 7. a3 Nge7 8. b4 Ng6 9. Re1 a6 10. h4 Be7 11. h5 Nf8 12. Bb2 Bd7 13. Nbd2 Rc8 14. Nb3 g6 15. Nbxd4 gxh5 16. Qd2 Ng6 17. Nb3 Qc7 18. Qh6 h4 19. Bxg6 fxg6 20. Nxh4 Bf8 21. Qg5 Ne7 22. Nd4 Bg7 23. Nhf3 O-O 24. Qxe7 Rce8 25. Qd6 Qc8 26. Qc5 Qd8 27. Bc1 h6 28. Be3 g5 29. Ne2 Rf7 30. Bd4 Bb5 31. Qc3 g4 32. Nh2 h5 33. Qe3 Kh7 34. Nf4 Bh6 35. g3 Rf5 36. Nf1 Bxf1 37. Rxf1 Ref8 38. Qd3 Bxf4 39. gxf4 h4 40. Kg2 Kh6 41. Rh1 h3+ 42. Kf1 Rxf4 43. Be3 Qh4 44. Ke2 Kh5 45. Bxf4 Rxf4 46. Qh7+ Kg5 47. Qxh4+ Kxh4 48. Rae1 Rc4 49. Kd3 Rf4 50. Re2 Rf3+ 51. Kd4 Rxa3 52. Kc5 Rc3+ 53. Kd6 Rc6+ 54. Kd7 Rb6 55. c3 Rc6 56. Re3 a5 57. f4 axb4 58. cxb4 g3 59. f5 exf5 60. e6 Rxe6 61. Kxe6 d4 62. Rd3 f4 63. Kf5 g2 64. Rdxh3# 1-0


[Site "https://www.chess.com"]

[Event "Titled Tuesday Blitz May 9 Late 2023"]
[White "Romero Ruscalleda, Josep"]
[Black "Gatterer, Florian"]
[WhiteFideId "2231859"]
[BlackFideId "811688"]
[WhiteElo "2183"]
[BlackElo "2221"]
[Result "1/2-1/2"]
[Round "11"]
[TimeControl "180+2"]
[Date "2023.05.09"]
[WhiteClock "0:02:33"]
[BlackClock "0:02:34"]

1. e4 e6 2. d4 d5 3. e5 c5 4. c3 Qb6 5. Bd3 Bd7 6. dxc5 Bxc5 7. Qe2 Nc6 8. Nf3 Nh6 9. O-O Nf5 10. Nbd2 Be7 11. Nb3 a5 12. Rd1 a4 13. Nbd4 Nfxd4 14. cxd4 a3 1/2-1/2


[Site "https://www.chess.com"]

[Event "Titled Tuesday Blitz May 9 Late 2023"]
[White "Bryant, Todd"]
[Black "Shapiro, Daniel"]
[WhiteFideId "2031299"]
[BlackFideId "2001780"]
[WhiteElo "2358"]
[BlackElo "2353"]
[Result "0-1"]
[Round "11"]
[TimeControl "180+2"]
[Date "2023.05.09"]
[WhiteClock "0:00:00"]
[BlackClock "0:00:20"]

1. e4 e5 2. f4 exf4 3. Nf3 d6 4. Nc3 h6 5. g3 fxg3 6. hxg3 c6 7. d4 Nf6 8. Be3 Ng4 9. Bg1 Nd7 10. Qd2 Qf6 11. Be2 Nb6 12. O-O-O Be6 13. d5 Bd7 14. Bd4 Ne5 15. Nxe5 dxe5 16. dxc6 Bxc6 17. Bxb6 axb6 18. Nb5 Bc5 19. Nc7+ Ke7 20. Nxa8 Rxa8 21. Kb1 Bxe4 22. Qd7+ Kf8 23. Rhf1 Qe7 24. Bc4 f6 25. Qb5 Bd4 26. Qb3 Rd8 27. Rde1 Bg6 28. Bd3 Bf7 29. Bc4 Bg6 30. Bd3 e4 31. Bc4 Qe5 32. Ka1 e3 33. Bd3 Bf7 34. Bc4 Bxb2+ 35. Kb1 Bxc4 36. Qxc4 Ba3 37. Qb3 Bc5 38. Re2 Rd4 0-1


[Site "https://www.chess.com"]

[Event "Titled Tuesday Blitz May 9 Late 2023"]
[White "Kiseljova, Marya"]
[Black "Butti, Enrique"]
[WhiteFideId "4155009"]
[BlackFideId "3700470"]
[WhiteElo "1831"]
[BlackElo "2080"]
[Result "0-1"]
[Round "11"]
[TimeControl "180+2"]
[Date "2023.05.09"]
[WhiteClock "0:00:31"]
[BlackClock "0:01:07"]

1. d4 Nf6 2. c4 e6 3. Bf4 d5 4. cxd5 Nxd5 5. Bg3 c5 6. e4 Nf6 7. e5 Nd5 8. Nf3 cxd4 9. Bb5+ Nc6 10. Bxc6+ bxc6 11. Nxd4 Bb4+ 12. Nd2 Qb6 13. Nb3 Ba6 14. Qc2 c5 15. a3 Bxd2+ 16. Nxd2 Qb5 17. O-O-O c4 18. Rhe1 c3 19. Ne4 cxb2+ 20. Kb1 O-O 21. Ng5 g6 22. Rxd5 Qxd5 23. Rd1 Qa5 24. Qc3 Qxc3 0-1


[Site "https://www.chess.com"]

[Event "Titled Tuesday Blitz May 9 Late 2023"]
[White "Skaric, Djuro"]
[Black "Dragomirescu, Calin"]
[WhiteFideId "934569"]
[BlackFideId "1200895"]
[WhiteElo "2282"]
[BlackElo "2010"]
[Result "0-1"]
[Round "11"]
[TimeControl "180+2"]
[Date "2023.05.09"]
[WhiteClock "0:01:09"]
[BlackClock "0:01:29"]

1. d3 g6 2. g3 Bg7 3. Nc3 Nf6 4. e4 d6 5. f4 c5 6. Nf3 Nc6 7. Bg2 O-O 8. O-O Rb8 9. h3 b5 10. g4 b4 11. Ne2 e6 12. Ng3 Nd7 13. h4 a5 14. h5 Nd4 15. Ng5 Nb6 16. Be3 Ba6 17. Rf2 a4 18. Rb1 Nb5 19. f5 a3 20. fxg6 fxg6 21. Nxe6 Qh4 22. Nxf8 Rxf8 23. hxg6 Qxg3 24. gxh7+ Kh8 25. Rxf8+ Bxf8 26. Bf2 Qf4 27. d4 cxd4 28. bxa3 Bg7 29. Rxb4 Be5 30. a4 Nc3 31. Qd3 Bxd3 32. cxd3 Nbxa4 0-1


[Site "https://www.chess.com"]

[Event "Titled Tuesday Blitz May 9 Late 2023"]
[White "Prydun, Andriy"]
[Black "Zampronha, Wladimir Camilo"]
[WhiteFideId "14145898"]
[BlackFideId "2103087"]
[WhiteElo "2164"]
[BlackElo "2176"]
[Result "1-0"]
[Round "11"]
[TimeControl "180+2"]
[Date "2023.05.09"]
[WhiteClock "0:00:48"]
[BlackClock "0:00:34"]

1. e4 c5 2. Nf3 e6 3. d4 cxd4 4. c3 Nf6 5. e5 Nd5 6. Nxd4 Nc6 7. Nxc6 bxc6 8. c4 Bb4+ 9. Bd2 Bxd2+ 10. Qxd2 Ne7 11. Nc3 Ng6 12. f4 O-O 13. c5 f6 14. Bd3 fxe5 15. Bxg6 hxg6 16. fxe5 Qh4+ 17. g3 Qh5 18. Qe3 Rf5 19. Ne4 Rxe5 20. O-O Ba6 21. Rf2 Rf8 22. Re1 Rxf2 23. Qxf2 Qf5 24. Qd4 Rd5 25. Qc3 Re5 26. Qd4 Kh7 27. Ng5+ Qxg5 28. Qxe5 Qd2 29. b3 Bd3 30. Qe3 Qc3 31. Rd1 1-0


[Site "https://www.chess.com"]

[Event "Titled Tuesday Blitz May 9 Late 2023"]
[White "Brueckner, Thomas"]
[Black "Smith, Garrett L"]
[WhiteFideId "4600452"]
[BlackFideId "2024829"]
[WhiteElo "2322"]
[BlackElo "2233"]
[Result "1-0"]
[Round "11"]
[TimeControl "180+2"]
[Date "2023.05.09"]
[WhiteClock "0:00:41"]
[BlackClock "0:00:17"]

1. Nf3 c5 2. c4 Nc6 3. g3 e5 4. Nc3 d6 5. Bg2 Be6 6. d3 Be7 7. a3 a5 8. O-O h6 9. Nd2 Nf6 10. Nde4 Nxe4 11. Bxe4 f5 12. Bg2 O-O 13. e3 Ra6 14. Nd5 Qd7 15. Rb1 Bd8 16. Bd2 Ne7 17. Nxe7+ Bxe7 18. b4 cxb4 19. axb4 a4 20. b5 Ra7 21. Ra1 Rfa8 22. Re1 e4 23. Qc2 exd3 24. Qxd3 Bf6 25. Ra3 Qc7 26. Bd5 Bxd5 27. Qxd5+ Kh8 28. Bb4 Rd8 29. Rd1 Be5 30. f4 Bb2 31. Ra2 a3 32. Bxd6 Rxd6 33. Qxd6 Qxc4 34. Qf8+ Kh7 35. Qxf5+ Kh8 36. Rd8+ 1-0


[Site "https://www.chess.com"]

[Event "Titled Tuesday Blitz May 9 Late 2023"]
[White "Horokoskii"]
[Black "De Souza, Cristiano Gomes"]
[BlackFideId "2151758"]
[WhiteElo "2117"]
[BlackElo "2068"]
[Result "0-1"]
[Round "11"]
[TimeControl "180+2"]
[Date "2023.05.09"]
[WhiteClock "0:00:11"]
[BlackClock "0:00:39"]

1. d4 Nf6 2. c4 g6 3. Nc3 Bg7 4. e4 d6 5. Be2 O-O 6. Bg5 Nbd7 7. f4 c5 8. d5 e6 9. Nf3 exd5 10. exd5 h6 11. Bh4 a6 12. O-O Re8 13. Bd3 Nf8 14. Qc2 Qc7 15. f5 g5 16. Bg3 Nh5 17. Rae1 Bd7 18. Bf2 Nf4 19. Ne4 Nh7 20. Bg3 Nxd3 21. Qxd3 Bxf5 22. Nf6+ Nxf6 23. Qxf5 b5 24. b3 bxc4 25. bxc4 Rxe1 26. Bxe1 Re8 27. Bc3 Qd7 28. Qd3 Ne4 29. Bxg7 Kxg7 30. Nd2 f5 31. Nxe4 Rxe4 32. Qc3+ Kg6 33. h3 Qe7 34. Qf3 Qe5 35. Qb3 Qd4+ 36. Kh1 Qxc4 37. Qb1 Qxd5 38. Qb8 Qe6 39. Qh8 Re1 40. Rxe1 Qxe1+ 0-1


[Site "https://www.chess.com"]

[Event "Titled Tuesday Blitz May 9 Late 2023"]
[White "Dargan, Paul A G"]
[Black "Georg, Heinz"]
[WhiteFideId "416762"]
[BlackFideId "4607295"]
[WhiteElo "2042"]
[BlackElo "2290"]
[Result "0-1"]
[Round "11"]
[TimeControl "180+2"]
[Date "2023.05.09"]
[WhiteClock "0:00:06"]
[BlackClock "0:00:03"]

1. e4 c5 2. c3 d5 3. exd5 Nf6 4. Qa4+ Bd7 5. Qb3 Bc8 6. Bb5+ Bd7 7. c4 a6 8. Bxd7+ Qxd7 9. Nf3 b5 10. d3 e6 11. Nc3 b4 12. Ne4 Be7 13. dxe6 Qxe6 14. O-O Nxe4 15. dxe4 O-O 16. Re1 Nc6 17. Qc2 Rfd8 18. Bf4 a5 19. Rad1 Bf6 20. e5 Rxd1 21. Qxd1 Be7 22. Qd5 Rd8 23. Qxe6 fxe6 24. b3 h6 25. h4 Kf7 26. Kf1 a4 27. Ke2 a3 28. Rd1 Rxd1 29. Kxd1 Kg6 30. g4 h5 31. gxh5+ Kxh5 32. Ke2 Kg4 33. Bg3 Kf5 34. Ke3 g5 35. hxg5 Bxg5+ 36. Nxg5 Kxg5 37. f4+ Kf5 38. Bf2 Nd4 39. Bh4 Nxb3 40. Be7 Na5 41. Bxc5 b3 42. Bxa3 bxa2 43. Bb2 Nxc4+ 0-1


[Site "https://www.chess.com"]